 Dungeon Crawl Stone Soup version 0.22-a0-354-g30dfbe6 (webtiles) character file.

10962 nikopol the Thaumaturge (level 11, -2/55 (57) HPs)
             Began as a Deep Elf Fire Elementalist on Apr 14, 2018.
             Was an Elder of Vehumet.
             Slain by a spiny frog (24 damage)
             ... on level 1 of the Lair of Beasts on Apr 16, 2018.
             The game lasted 01:06:44 (11900 turns).

nikopol the Thaumaturge (DEFE)                     Turns: 11900, Time: 01:06:45

HP:   -2/55 (57)    AC:  9    Str:  5    XL:     11   Next: 43%
MP:   25/39         EV: 15    Int: 28    God:    Vehumet [****..]
Gold: 951           SH:  5    Dex: 15    Spells: 13/37 levels left

rFire    . . .     SeeInvis .   f - +3 long sword
rCold    . . .     Gourm    .   p - +1 buckler
rNeg     . . .     Faith    .   a - +0 robe
rPois    .         Spirit   .   B - +2 hat
rElec    .         Reflect  .   (no cloak)
rCorr    +         Harm     .   H - +1 pair of gloves
MR       +....                  A - +2 pair of boots of the Unseen Realm {rCorr Int+4}
Stlth    +++.......             (no amulet)
HPRegen  0.18/turn              r - ring of wizardry
MPRegen  0.26/turn              j - ring of magical power

@: lethally poisoned (-2 -> -9)
A: no striking features
a: Renounce Religion


You were on level 1 of the Lair of Beasts.
You worshipped Vehumet.
Vehumet was greatly pleased with you.
You were not hungry.

You visited 3 branches of the dungeon, and saw 11 of its levels.
You also visited: Sewer.

You collected 951 gold pieces.

Inventory:

Hand Weapons
 f - a +3 long sword (weapon)
Armour
 a - a +0 robe (worn)
 p - a +1 buckler (worn)
 A - the +2 pair of boots of the Unseen Realm (worn) {rCorr Int+4}
   (You found it in a sewer)

   It affects your intelligence (+4).
   It protects you from acid and corrosion.
 B - a +2 hat (worn)
 H - a +1 pair of gloves (worn)
Jewellery
 g - an uncursed ring of ice {unknown}
 j - a ring of magical power (right hand)
 r - a ring of wizardry (left hand)
 z - an uncursed ring of flight {unknown}
 F - an uncursed ring of resist corrosion {unknown}
Wands
 h - a wand of enslavement (11)
 k - a wand of random effects (23)
 y - a wand of digging (18)
 C - a wand of flame (11)
Scrolls
 e - 11 scrolls of remove curse
 m - a scroll of enchant weapon
 n - 3 scrolls of fear
 w - 4 scrolls of teleportation
 x - 2 scrolls of fog
 E - a scroll of amnesia {unknown}
Potions
 b - 2 potions of resistance
 d - 6 potions of curing
 i - 3 potions of brilliance
 l - 2 potions of heal wounds
 o - 5 potions of flight
 q - 2 potions of invisibility
 s - 5 potions of lignification
 t - a potion of mutation
 u - a potion of ambrosia
 v - 4 potions of might
Comestibles
 c - 20 rations
 D - 4 chunks of flesh


   Skills:
 + Level 1.6 Fighting
   Level 0.4 Short Blades
 + Level 5.7 Dodging
 + Level 6.0 Stealth
 * Level 0.8 Shields
 - Level 0.1 Unarmed Combat
 + Level 13.5 Spellcasting
 + Level 10.0 Conjurations
 + Level 1.0 Hexes
 + Level 10.7 Fire Magic
 + Level 1.0 Evocations


You had 13 spell levels left.
You knew the following spells:

 Your Spells              Type           Power        Failure   Level  Hunger
a - Flame Tongue          Conj/Fire      #####        1%          1    None
b - Throw Flame           Conj/Fire      ######       1%          2    None
c - Conjure Flame         Conj/Fire      ######..     1%          3    None
d - Sticky Flame          Conj/Fire      ######..     1%          4    None
e - Fireball              Conj/Fire      ######....   1%          5    #......
f - Dazzling Spray        Conj/Hex       ######       1%          3    None
g - Bolt of Fire          Conj/Fire      ######....   1%          6    ####...


Dungeon Overview and Level Annotations

Branches:
Dungeon (9/15)             Temple (1/1) D:4            Lair (1/6) D:8
    Orc (0/2) D:9

Altars:
Cheibriados
Dithmenos
Elyvilon
Fedhas
Gozag
Hepliaklqana
Makhleb
Nemelex Xobeh
Okawaru
Qazlal
Ru
Sif Muna
Vehumet
Wu Jian
Zin


Message History

Aim: a spiny frog (moderately wounded)
The flame tongue hits the spiny frog.
The spiny frog is heavily wounded.
The spiny frog stings you but does no damage.
Casting: Flame Tongue (safe; 1% risk of failure)
Confirm with . or Enter, or press ? or * to list all spells.
Aiming: Sticky Flame (safe; 1% risk of failure)
Press: ? - help, Shift-Dir - straight line, f/p - spiny frog
Aim: a spiny frog (heavily wounded)
The sticky flame hits the spiny frog.
The spiny frog is heavily wounded.
The spiny frog is covered in liquid flames!
The spiny frog burns!
The spiny frog stings you!
You are poisoned.
The spiny frog poisons you!
You feel sick.
The spiny frog burns!
You feel sick.
The spiny frog burns!
You feel sick.
The spiny frog burns!
The spiny frog stops burning.
The spiny frog stings you!!
You die...

..................
..........#.......# ##
##.................#
#.##...........?......#
#......................
#.....................
#...................
#........@F.........
#.#...................
#...........................
.............................
.............................
P...P##.........................
#... ##.........................
#...##.........[................
P#.....#..(.......P......#.......


You could see a spiny frog.

Vanquished Creatures
  Erica (D:9)
  2 two-headed ogres
  Pikel (D:4)
  A cyclops (D:8)
  A spiny frog (Lair:1)
  A komodo dragon (Lair:1)
  3 trolls (D:8)
  4 hippogriffs
  Sigmund (D:2)
  A wraith (D:8)
  A yak (D:8)
  A human (D:8)
  2 wyverns
  3 hogs (D:8)
  A vampire mosquito (D:8)
  A warg (shapeshifter) (D:8)
  A water moccasin (D:8)
  4 orc warriors
  A porcupine (Lair:1)
  4 slaves (D:4)
  2 ice beasts
  A sky beast (D:9)
  3 ogres
  3 necrophages
  3 phantoms
  2 centaurs
  4 crocodiles
  Blork the orc (D:6)
  5 bullfrogs
  A water moccasin zombie (D:8)
  A scorpion (D:7)
  6 killer bees (D:9)
  3 howler monkeys
  8 electric eels (D:6)
  9 crimson imps
  A centaur skeleton (D:4)
  3 hounds
  2 jellies (D:7)
  A bullfrog skeleton (D:9)
  2 bullfrog zombies
  4 orc priests
  2 iguanas
  10 orc wizards
  Jessica (D:2)
  Natasha (twice) (D:3)
  A worker ant (D:8)
  A worker ant zombie (D:7)
  Robin (D:2)
  4 gnolls
  6 adders
  2 shadow imps
  6 oozes
  2 adder zombies (D:5)
  An adder skeleton (D:6)
  5 worms
  2 dart slugs (D:1)
  12 leopard geckos
  47 orcs
  11 bats
  7 giant cockroaches
  14 goblins
  8 hobgoblins
  13 jackals
  6 kobolds
  7 quokkas
  3 ball pythons
  8 frilled lizards
  A quokka skeleton (D:5)
  7 rats
  6 plants (D:6)
296 creatures vanquished.

Vanquished Creatures (others)
  2 plants (D:6)
2 creatures vanquished.

Grand Total: 298 creatures vanquished

Notes
Turn   | Place    | Note
-------+----------+-------------------------------------------
     0 | D:1      | nikopol the Deep Elf Fire Elementalist began the quest for the Orb.
     0 | D:1      | Reached XP level 1. HP: 10/10 MP: 6/6
    24 | D:1      | Reached XP level 2. HP: 4/15 MP: 1/8
   389 | D:1      | Found a snail-covered altar of Cheibriados.
   487 | D:1      | Reached XP level 3. HP: 19/19 MP: 6/10
   984 | D:2      | Learned a level 2 spell: Throw Flame
   989 | D:2      | Learned a level 3 spell: Conjure Flame
  1009 | D:2      | Noticed Jessica
  1013 | D:2      | Killed Jessica
  1102 | D:2      | Found a stormy altar of Qazlal.
  1136 | D:2      | Reached skill level 4 in Spellcasting
  1136 | D:2      | Reached XP level 4. HP: 17/24 MP: 8/12
  1466 | D:2      | Noticed Sigmund
  1485 | D:2      | Killed Sigmund
  1485 | D:2      | Reached skill level 5 in Spellcasting
  1485 | D:2      | Reached skill level 5 in Fire Magic
  1485 | D:2      | Reached XP level 5. HP: 13/28 MP: 0/14
  2010 | D:2      | Noticed Robin
  2012 | D:2      | Killed Robin
  2191 | D:2      | Reached XP level 6. HP: 32/32 MP: 12/15
  2197 | D:2      | Learned a level 4 spell: Sticky Flame
  2612 | D:3      | Found a hazy altar of Hepliaklqana.
  2787 | D:3      | Noticed Natasha
  2792 | D:3      | Killed Natasha
  2804 | D:3      | Learned a level 5 spell: Fireball
  3096 | D:3      | Noticed Natasha
  3099 | D:3      | Killed Natasha
  3285 | D:4      | Reached skill level 6 in Spellcasting
  3351 | D:4      | Found a staircase to the Ecumenical Temple.
  3364 | D:4      | Reached XP level 7. HP: 25/36 MP: 2/19
  3460 | Temple   | Entered the Ecumenical Temple
  3500 | Temple   | Became a worshipper of Vehumet
  3847 | D:4      | Reached skill level 7 in Spellcasting
  3871 | D:4      | Upgraded the game from 0.22-a0-352-gc608dd7 to 0.22-a0-354-g30dfbe6
  4406 | D:5      | Entered Level 5 of the Dungeon
  4406 | D:5      | Noticed Pikel
  5113 | D:5      | Noticed a two-headed ogre
  5713 | D:4      | Killed Pikel
  5713 | D:4      | Reached skill level 5 in Conjurations
  5713 | D:4      | Reached XP level 8. HP: 39/42 MP: 19/21
  5798 | D:4      | Reached skill level 8 in Spellcasting
  5866 | D:4      | Reached skill level 1 in Fighting
  5900 | D:4      | Learned a level 3 spell: Dazzling Spray
  6115 | D:5      | Reached skill level 5 in Dodging
  6135 | D:5      | Reached * piety under Vehumet
  6135 | D:5      | Offered knowledge of Sandblast by Vehumet.
  6162 | D:5      | Killed a two-headed ogre
  6162 | D:5      | Reached skill level 9 in Spellcasting
  6162 | D:5      | Reached XP level 9. HP: 47/47 MP: 3/24
  6818 | D:6      | Found a glowing drain.
  6830 | Sewer    | Entered a sewer
  6842 | Sewer    | Reached skill level 1 in Hexes
  7280 | Sewer    | Offered knowledge of Magic Dart by Vehumet.
  7310 | Sewer    | Reached ** piety under Vehumet
  7364 | Sewer    | Got a pair of steaming boots
  7416 | Sewer    | Identified the +2 pair of boots of the Unseen Realm {rCorr Int+4} (You found it in a sewer)
  7563 | D:6      | Found a sparkling altar of Nemelex Xobeh.
  7564 | D:6      | Found a white marble altar of Elyvilon.
  7568 | D:6      | Found a shadowy altar of Dithmenos.
  7568 | D:6      | Found a deep blue altar of Sif Muna.
  7631 | D:6      | Found an ornate altar of the Wu Jian Council.
  7631 | D:6      | Found an iron altar of Okawaru.
  7632 | D:6      | Found an opulent altar of Gozag.
  7674 | D:6      | Noticed Blork the orc
  7686 | D:6      | Killed Blork the orc
  8111 | D:6      | Reached skill level 5 in Stealth
  8197 | D:6      | Reached skill level 10 in Spellcasting
  8642 | D:7      | Found a sacrificial altar of Ru.
  8836 | D:7      | Offered knowledge of Stone Arrow by Vehumet.
  8971 | D:7      | Reached *** piety under Vehumet
  9198 | D:7      | Reached XP level 10. HP: 53/53 MP: 26/26
  9386 | D:8      | Noticed a cyclops
  9451 | D:8      | Reached skill level 11 in Spellcasting
 10007 | D:8      | Noticed a queen ant
 10047 | D:8      | Found a staircase to the Lair.
 10074 | D:8      | Noticed a satyr
 10298 | D:8      | Reached skill level 12 in Spellcasting
 10301 | D:8      | Offered knowledge of Airstrike by Vehumet.
 10307 | D:8      | Killed a cyclops
 10307 | D:8      | Reached skill level 1 in Evocations
 10522 | D:8      | Reached skill level 10 in Fire Magic
 10873 | D:8      | Learned a level 6 spell: Bolt of Fire
 10943 | D:9      | Reached XP level 11. HP: 55/55 MP: 21/29
 10954 | D:9      | Reached **** piety under Vehumet
 11015 | D:9      | Noticed Erica
 11147 | D:9      | Found a staircase to the Orcish Mines.
 11153 | D:9      | Offered knowledge of Throw Icicle by Vehumet.
 11158 | D:9      | Killed Erica
 11158 | D:9      | Reached skill level 13 in Spellcasting
 11341 | D:9      | Found a glowing silver altar of Zin.
 11447 | D:9      | Noticed a two-headed ogre
 11464 | D:9      | Killed a two-headed ogre
 11709 | Lair:1   | Entered Level 1 of the Lair of Beasts
 11861 | Lair:1   | Reached skill level 10 in Conjurations
 11900 | Lair:1   | Slain by a spiny frog

Vault maps used:
D:1:      dpeg_arrival_long_road, cheibriados_altar_1
D:2:      nicolae_qazlal_general_emergency, uniq_robin, uniq_jessica,
          uniq_sigmund
D:3:      nicolae_overflow_crystal_walls, first_ration, uniq_natasha
D:4:      minmay_temple_entry_grid
D:5:      uniq_pikel
D:6:      grunt_temple_overflow_open, serial_bayou, serial_bayou_lagoon_a,
          serial_bayou_shore_b, serial_bayou_shore_a, serial_bayou_lake_a,
          gup_sewer_entry_pipe, uniq_blork_the_orc
D:7:      nicolae_ru_sacrificial_ziggurat
D:8:      lair_entry_dummy, grunt_livestock, minivault_12
D:9:      lemuel_doored_altar, orc_0_dummy, kennysheep_generic_room_15,
          uniq_erica
Temple:   minmay_temple_curvy_loop
Lair:1:   lab_entry_generic
Sewer:    sewer_fruit_machine

Skill      XL: |  1  2  3  4  5  6  7  8  9 10 11 |
---------------+----------------------------------+-----
Fire Magic     | 4 5 6 7 8 10 | 10.7
Dodging        | 3 4 5 |  5.7
Spellcasting   | 4 5 6 7 9 10 12 13 | 13.5
Stealth        | 3 4 5 6 |  6.0
Conjurations   | 2 3 5 6 7 9 10 | 10.0
Fighting       | 1 |  1.6
Hexes          | 1 |  1.0
Evocations     | 1 |  1.0
Short Blades   | |  0.4
Shields        | |  0.8
Unarmed Combat | |  0.1

Action                   |  1- 3 |  4- 6 |  7- 9 | 10-12 || total
-------------------------+-------+-------+-------+-------++-------
Melee: Unarmed           |     1 |       |     1 |       ||     2
       Short sword       |       |       |     3 |       ||     3
       Long sword        |       |       |       |     1 ||     1
 Cast: Flame Tongue      |    43 |   139 |   195 |   178 ||   555
       Conjure Flame     |       |     2 |     8 |     7 ||    17
       Sticky Flame      |       |     3 |    22 |    22 ||    47
       Throw Flame       |       |     1 |    31 |    17 ||    49
       Fireball          |       |       |    12 |    20 ||    32
       Dazzling Spray    |       |       |    29 |     7 ||    36
       Bolt of Fire      |       |       |       |     2 ||     2
Evoke: Wand              |       |       |     2 |     2 ||     4
  Use: Scroll            |       |       |    13 |     8 ||    21
       Potion            |       |       |     1 |       ||     1
 Stab: Invisible         |       |       |     1 |       ||     1
  Eat: Chunk             |       |     8 |    18 |     9 ||    35
       Ration            |       |       |     1 |       ||     1
Armor: Robe              |     4 |     1 |    26 |     8 ||    39
Dodge: Dodged            |     6 |    27 |    84 |    32 ||   149
       Rpst.: Long sword |       |       |    10 |     7 ||    17

Table legend:
 A = Spawn XP
 B = Non-spawn XP
 C = Spawn XP percentage of total XP
 D = Spawn monster count
 E = Non-spawn monster count
 F = Spawn count percentage of total count
 G = Total turns spent on level
                    A         B        C        D         E        F      G
               +---------+---------+-------+---------+---------+-------+---------
         Total |       0 |   15661 |   0.0 |       0 |     286 |   0.0 | 11900
               +---------+---------+-------+---------+---------+-------+---------
           D:1 |       0 |      47 |   0.0 |       0 |      16 |   0.0 |   944
           D:2 |       0 |     339 |   0.0 |       0 |      30 |   0.0 |  1496
           D:3 |       0 |     185 |   0.0 |       0 |      31 |   0.0 |   839
           D:4 |       0 |    1511 |   0.0 |       0 |      32 |   0.0 |  2693
           D:5 |       0 |    1203 |   0.0 |       0 |      19 |   0.0 |   729
           D:6 |       0 |    1106 |   0.0 |       0 |      27 |   0.0 |  1254
           D:7 |       0 |    1214 |   0.0 |       0 |      33 |   0.0 |   858
           D:8 |       0 |    5043 |   0.0 |       0 |      31 |   0.0 |  1585
           D:9 |       0 |    3645 |   0.0 |       0 |      36 |   0.0 |   640
        Lair:1 |       0 |    1286 |   0.0 |       0 |       6 |   0.0 |   191
         Sewer |       0 |      82 |   0.0 |       0 |      25 |   0.0 |   607
               +---------+---------+-------+---------+---------+-------+---------
